 Dungeon Crawl Stone Soup version 0.31-a0-574-g69dc8cc98e (webtiles) character file.

Game seed: 17722612952605201897

57 Monkooky the Trooper (level 3, -8/33 HPs)
             Began as an Armataur Shapeshifter on Aug 19, 2023.
             Was an Initiate of Yredelemnul.
             Mangled by Crazy Yiuf
             ... wielding a +2 quarterstaff of chaos
              (12 damage)
             ... on level 2 of the Dungeon.
             The game lasted 00:02:26 (872 turns).

Monkooky the Trooper (Armataur Shapeshifter)         Turns: 872, Time: 00:02:26

Health: -8/33      AC:  6    Str: 22    XL:     3   Next: 73%
Magic:  3/3        EV:  8    Int:  8    God:    Yredelemnul [......]
Gold:   64         SH:  0    Dex: 10    Spells: 2/2 levels left

rFire   . . .        i - +0 whip
rCold   . . .        (no shield)
rNeg    . . .        e - +0 scale mail
rPois   .            (helmet currently unavailable)
rElec   .            (cloak currently unavailable)
rCorr   .            (gloves currently unavailable)
SInv    .            (no barding)
Will    .....        (no amulet) Stlth
                     (no ring)
HPRegen 0.25/turn    (no ring)
MPRegen 0.08/turn

%: roll
@: beast-form
A: beast (slay +1), large, rugged brown scales 3, deformed body, armoured tail,
roll, long tongue, awkward tongue
a: Begin Untransformation, Renounce Religion, Recall Undead Harvest


You were on level 2 of the Dungeon.
You worshipped Yredelemnul.
Yredelemnul was noncommittal.
You were a hulking beast.
You visited 1 branch of the dungeon, and saw 2 of its levels.

You collected 64 gold pieces.

Inventory:

Hand Weapons
 h - a +0 sling
 i - a +0 whip (weapon)
Armour
 a - a +0 animal skin
 e - a +0 scale mail (worn)
Talismans
 c - a beast talisman (active)
 d - a flux talisman
Scrolls
 f - a scroll of brand weapon {unknown}
 g - a scroll of poison {unknown}
Potions
 b - a potion of lignification


   Skills:
 + Level 3.0 Fighting
 - Level 1.5 Dodging
 - Level 2.8 Unarmed Combat
 - Level 2.7 Shapeshifting


You had 2 spell levels left.
You didn't know any spells.
Your spell library was empty.

Dungeon Overview and Level Annotations

Branches:
Dungeon (2/15)

Altars:
Yredelemnul

Annotations:
D:2 Crazy Yiuf


Innate Abilities, Weirdness & Mutations

You are a hulking beast.
Your limbs bulge with bestial killing power. (Slay +1)
You are completely covered in rugged brown scales. (AC +3, +7% HP)
Armour fits poorly on your strangely shaped body.
You have a long armoured tail.
You roll when moving toward enemies. (Rampage)
Your long tongue fully drains potion bottles. (2x potion effects)
Your tongue gives you trouble enunciating. (1.5x scroll delay)


Message History

You swap places.
You swap places.
There is an open door here.
A rat comes into view.
The rat moves out of view.
You swap places.
You swap places.
The rat barely misses your frilled lizard zombie.
Your frilled lizard zombie bites the rat.
You swap places.
The rat bites your frilled lizard zombie.
Your frilled lizard zombie bites the rat but does no damage.
You swap places.
The rat closely misses you.
You hit the rat.
You kill the rat!
The dead are walking!
You pace your travel speed to your slowest ally.
There is an open door here.
Crazy Yiuf shouts!
As you open the door, it creaks loudly!
You hit Crazy Yiuf.
Your tail-slap misses Crazy Yiuf.
Crazy Yiuf is lightly wounded.
Crazy Yiuf hits you with a +2 quarterstaff of chaos.
You hit Crazy Yiuf.
Crazy Yiuf is lightly wounded.
Crazy Yiuf barely misses you.
You hit Crazy Yiuf.
You tail-slap Crazy Yiuf, but do no damage.
Crazy Yiuf is moderately wounded.
Crazy Yiuf hits you with a +2 quarterstaff of chaos!
You closely miss Crazy Yiuf.
Crazy Yiuf is moderately wounded.
Crazy Yiuf hits you with a +2 quarterstaff of chaos!
* * * LOW HITPOINT WARNING * * *
Crazy Yiuf burns you.
* * * LOW HITPOINT WARNING * * *
Crazy Yiuf twirls on the spot.
Crazy Yiuf hits you with a +2 quarterstaff of chaos!
You die...
Your body rises from the dead as a mindless zombie.

...
####....###..##......#
... #....#
#..######### ...
♣....♣ ##.# ♣♣...♣ #.#
♣♣.♣♣ ##.# ♣♣Z♣ #..#
♣Z♣♣ #..##### ♣♣.♣
#.....<# ♣h♣♣ ########
#g# ... #...# #)..#
#####


You could see Crazy Yiuf (ally target), a friendly frilled lizard zombie and a
friendly adder zombie.

Vanquished Creatures
  A gnoll (D:1)
  An adder (D:2)
  3 dart slugs (D:1)
  6 ball pythons
  6 endoplasms (D:1)
  3 giant cockroaches
  3 goblins
  A hobgoblin (D:1)
  A frilled lizard (D:2)
  3 kobolds
  3 rats
31 creatures vanquished.

Notes
Turn   | Place    | Note
-------+----------+-------------------------------------------
     0 | D:1      | Monkooky the Armataur Shapeshifter began the quest for the
                  | Orb.
     0 | D:1      | Reached XP level 1. HP: 16/16 MP: 1/1
    16 | D:1      | Reached skill level 1 in Fighting
    51 | D:1      | Reached XP level 2. HP: 24/24 MP: 2/2
   183 | D:1      | Reached skill level 2 in Fighting
   282 | D:1      | Found a faded altar of an unknown god.
   298 | D:1      | Prayed at the altar of an unknown god.
   298 | D:1      | Became a worshipper of Yredelemnul the Dark
   298 | D:1      | Reached * piety under Yredelemnul
   340 | D:1      | Reached XP level 3. HP: 31/31 MP: 3/3
   677 | D:2      | Reached skill level 3 in Fighting
   782 | D:2      | Found a runed translucent door.
   783 | D:2      | Noticed Crazy Yiuf
   872 | D:2      | Mangled by Crazy Yiuf

Illustrated notes

Levels and vault maps discovered:
D:1:      mrwooster_arrival_statue_2, layout_basic,
          ebering_ecumenical_altar_petrified, minivault_19,
          minmay_stone_trees_small
D:2:      layout_basic, uniq_crazy_yiuf_cottage

Skill      XL: |  1  2  3 |
---------------+----------+-----
Fighting       | 1 2 3 |  3.0
Dodging        | |  1.5
Unarmed Combat | |  2.8
Shapeshifting  | |  2.7

Action                     || total
---------------------------++-------
  Melee: Unarmed           ||    41
         Tailslap          ||    10
         Whip              ||    24
   Fire: Sling             ||     3
 Armour: Scale mail        ||    14
  Dodge: Dodged            ||    21

Table legend: (Time is in decaauts)
 A = Elapsed time spent in this place.
 B = Non-inter-level travel time spent in this place.
 C = Inter-level travel time spent in this place.
 D = Time resting spent in this place.
 E = Time spent auto-exploring this place.
 F = Levels seen in this place.
 G = Mean time per level.
                   A        B        C        D        E       F      G
               +--------+--------+--------+--------+--------+-----+--------+
         Total |    872 |    854 |     18 |      0 |    597 |   2 |  436.0 |
       Dungeon |    872 |    854 |     18 |      0 |    597 |   2 |  436.0 |
               +--------+--------+--------+--------+--------+-----+--------+

Top non-repeatable levels by time:
     D:1: 610 daAuts
     D:2: 261 daAuts
